 Dungeon Crawl Stone Soup version 0.18.1-8-gdd0e5ea (webtiles) character file.

12940 OrDronus the Nimble (level 11, 0/166 HPs)
             Began as a Troll Berserker on May 28, 2016.
             Was an Elder of Trog.
             Slain by a spiny frog (16 damage)
             ... on level 4 of the Lair of Beasts on May 29, 2016.
             The game lasted 01:32:44 (10120 turns).

OrDronus the Nimble (Troll Berserker)              Turns: 10120, Time: 01:32:44

Health: 0/166      AC: 11    Str: 34    XL:     11   Next: 69%
Magic:  10/10      EV: 13    Int:  3    God:    Trog [****..]
Gold:   492        SH:  0    Dex: 10    Spells: 0 memorised, 10 levels left

rFire  . . .     SeeInvis .     a - +1 flail (protect)
rCold  . . .     Gourm    +     b - +1 animal skin
rNeg   . . .     Faith    .     (no shield)
rPois  .         Spirit   .     (helmet restricted)
rElec  .         Dismiss  .     (no cloak)
rCorr  .         Reflect  .     (gloves unavailable)
SustAt .         Harm     .     (boots unavailable)
MR     .....                    (no amulet)
Stlth  ..........               (no ring)
                                (no ring)

@: berserking, lethally poisoned (0 -> -1), very quick, not resistant to hostile
enchantments, extremely unstealthy
A: unfitting armour, claws 3, fast metabolism 3, gourmand, regeneration 2,
shaggy fur 1, tough skin 2
a: Berserk, Trog's Hand, Brothers in Arms, Burn Spellbooks, Renounce Religion


You were on level 4 of the Lair of Beasts.
You worshipped Trog.
Trog was greatly pleased with you.
You were not hungry.

You visited 2 branches of the dungeon, and saw 12 of its levels.

You collected 616 gold pieces.
You spent 124 gold pieces at shops.

Inventory:

Hand Weapons
 a - a +1 flail of protection (weapon)
 B - a +0 mace
 E - a +1 mace of holy wrath
 N - a +2 mace of draining
 R - a +2 flail of crushing
 S - a +2 mace of draining
Missiles
 g - 3 javelins
 q - 62 sling bullets
 v - 4 poisoned tomahawks
 w - 6 javelins of returning
 A - 2 tomahawks of returning
 Q - 3 large rocks (quivered)
Armour
 b - a +1 animal skin (worn)
 O - a cursed +0 shield
Jewellery
 k - an uncursed ring of magical power {unknown}
 m - an uncursed ring of sustain attributes {unknown}
 y - an uncursed ring of wizardry {unknown}
 C - an uncursed amulet of regeneration {unknown}
 G - an uncursed ring of stealth {unknown}
 J - a +5 ring of intelligence {unknown}
 P - an uncursed amulet of dismissal {unknown}
Wands
 z - a wand of lightning (8/15)
 H - a wand of random effects (18/48)
Scrolls
 e - 7 scrolls of identify
 i - a scroll of enchant weapon {unknown}
 j - 4 scrolls of remove curse
 p - a scroll of magic mapping
 u - 4 scrolls of teleportation
 D - 2 scrolls of enchant armour
Potions
 f - 2 potions of haste
 h - a potion of agility {unknown}
 l - 4 potions of curing {unknown}
 o - a potion of heal wounds {unknown}
 r - a potion of berserk rage {unknown}
 s - a potion of lignification {unknown}
 t - a potion of mutation {unknown}
 x - 2 potions of flight {unknown}
 F - 2 potions of cancellation {unknown}
 I - a potion of brilliance {unknown}
 V - 2 potions of magic {unknown}
 X - 2 potions of might {unknown}
Miscellaneous
 T - a plain deck of defence
Comestibles
 c - 9 bread rations
 d - 2 beef jerkies
 n - 7 meat rations
 U - a royal jelly


   Skills:
 + Level 7.9 Fighting
 * Level 7.6 Maces & Flails
 * Level 3.8 Throwing
 + Level 9.5 Dodging
 + Level 9.1 Unarmed Combat
 + Level 0.1 Evocations


You had 10 spell levels left.
You didn't know any spells.

Dungeon Overview and Level Annotations

Branches:
Dungeon (8/15)             Temple (0/1) D:7            Lair (4/8) D:8
  Swamp: Lair:3-6    Shoals: Lair:3-6     Snake: Lair:3-6    Spider: Lair:3-6

Altars:
Ashenzari
Cheibriados
Dithmenos
Kikubaaqudgha
Nemelex Xobeh
Okawaru
Qazlal
Sif Muna
Yredelemnul

Shops:
D:6 (   D:8 }

Annotations:
Lair:4 exclusion: lava snake


Innate Abilities, Weirdness & Mutations

You are too large for most types of armour.
You have claws for hands.
Your metabolism is lightning-fast.
You like to eat raw meat.
You heal very quickly.
You are covered in fur (AC +1).
You have very tough skin (AC +2).


Message History

You closely miss the spiny frog.
The spiny frog is lightly wounded.
You bludgeon the five-headed hydra!!
The five-headed hydra is heavily wounded.
You feel sick.
You completely miss the five-headed hydra.
The five-headed hydra is heavily wounded.
The five-headed hydra bites you!
* * * LOW HITPOINT WARNING * * *
The five-headed hydra bites you!
* * * LOW HITPOINT WARNING * * *
The five-headed hydra bites you but does no damage.
The five-headed hydra bites you!
* * * LOW HITPOINT WARNING * * *
The five-headed hydra bites you!
* * * LOW HITPOINT WARNING * * *
You bludgeon the five-headed hydra!!
The five-headed hydra is severely wounded.
The spiny frog stings you!
You die...

#..# ##......#..##...)..
#..#.............#..#.### .....
#..#.............#....... .?...
#...............#...#... ......
#..PP...............(.# ......
#..#..................# #......
P.##..................##.......
...#.............F.............
#.## ...........@D......†......
..##...........................
.........................../...
..##......................$....
#..#...........................
..#............................
..#............................
...............................
..........................


You could see a five-headed hydra and a spiny frog.

Vanquished Creatures
  Erolcha (D:8)
  2 hydras
  A black mamba (Lair:3)
  6 elephants (Lair:4)
  4 spiny frogs
  A komodo dragon (Lair:3)
  The ghost of lupus83 the Conjurer, a novice DECj (D:5)
  Prince Ribbit (D:8)
  A fire elemental (Lair:4)
  Eustachio (D:6)
  8 yaks
  3 hippogriffs
  2 basilisks
  Edmund (D:5)
  4 water moccasins
  9 porcupines
  An ice beast (D:7)
  A wasp (D:7)
  A sky beast (D:5)
  2 orc warriors
  A black bear (D:8)
  A phantom (D:8)
  6 crocodiles
  A big kobold (D:8)
  7 giant frogs
  A scorpion (D:5)
  3 killer bees (D:8)
  2 vampire bats (D:8)
  4 wights (D:8)
  A crimson imp (D:5)
  3 hounds
  4 orc priests
  5 jellies
  7 orc wizards
  3 iguanas
  3 worker ants
  A killer bee zombie (D:6)
  A hound zombie (D:7)
  A hound skeleton (D:5)
  4 gnolls (D:4)
  7 adders
  17 river rats
  4 shadow imps
  An adder zombie (D:8)
  An adder skeleton (D:8)
  11 dart slugs
  4 giant geckos
  23 orcs
  2 bat skeletons (D:8)
  4 bat zombies (D:8)
  3 giant cockroaches
  4 goblins
  5 hobgoblins
  5 quokkas
  A ball python (D:2)
  5 bats
  A giant gecko skeleton (D:5)
  9 giant newts
  A jackal skeleton (D:8)
  13 kobolds
  7 rats
  2 butterflies (D:7)
240 creatures vanquished.

Vanquished Creatures (collateral kills)
  A giant frog (Lair:1)
  5 river rats (Lair:1)
6 creatures vanquished.

Vanquished Creatures (others)
  A fungus (Lair:2)
  A plant (Lair:1)
2 creatures vanquished.

Grand Total: 248 creatures vanquished

Notes
Turn   | Place    | Note
--------------------------------------------------------------
     0 | D:1      | OrDronus the Troll Berserker began the quest for the Orb.
     0 | D:1      | Reached XP level 1. HP: 22/22 MP: 0/0
   234 | D:1      | Reached XP level 2. HP: 29/29 MP: 1/1
   638 | D:2      | Found a snail-covered altar of Cheibriados.
   680 | D:2      | Reached ** piety under Trog
   798 | D:2      | Reached XP level 3. HP: 31/36 MP: 2/2
   879 | D:2      | Found a deep blue altar of Sif Muna.
  1567 | D:3      | Reached XP level 4. HP: 44/44 MP: 3/3
  1690 | D:3      | Reached skill level 1 in Unarmed Combat
  2359 | D:4      | Reached XP level 5. HP: 44/53 MP: 4/4
  2983 | D:5      | Entered Level 5 of the Dungeon
  2986 | D:5      | Noticed a sky beast
  2992 | D:5      | Killed a sky beast
  2992 | D:5      | Reached XP level 6. HP: 61/61 MP: 5/5
  3062 | D:5      | Noticed Edmund
  3085 | D:5      | Killed Edmund
  3088 | D:5      | Reached *** piety under Trog
  3109 | D:5      | Noticed lupus83's ghost (novice DECj)
  3124 | D:5      | Killed lupus83's ghost
  3124 | D:5      | Reached skill level 5 in Dodging
  3124 | D:5      | Reached XP level 7. HP: 53/70 MP: 6/6
  3341 | D:5      | Found a basalt altar of Yredelemnul.
  3713 | D:6      | Reached XP level 8. HP: 79/79 MP: 7/7
  3749 | D:6      | Noticed Eustachio
  3771 | D:6      | Killed Eustachio
  3780 | D:6      | Found Sommyov's Weapon Emporium.
  3789 | D:6      | Bought a +1 mace of holy wrath for 124 gold pieces
  3792 | D:6      | Found a shadowy altar of Dithmenos.
  3802 | D:6      | Reached skill level 1 in Throwing
  3888 | D:6      | Found a stormy altar of Qazlal.
  4002 | D:6      | Found a sparkling altar of Nemelex Xobeh.
  4270 | D:6      | Reached skill level 5 in Fighting
  4270 | D:6      | Reached skill level 5 in Unarmed Combat
  4278 | D:6      | Found an iron altar of Okawaru.
  4398 | D:6      | Found a deep blue altar of Sif Muna.
  4453 | D:6      | Received a gift from Trog
  4682 | D:7      | Found a staircase to the Ecumenical Temple.
  4949 | D:7      | Reached XP level 9. HP: 62/88 MP: 8/8
  5175 | D:7      | Paralysed by a wasp for 3 turns
  5472 | D:8      | Noticed Prince Ribbit
  5498 | D:8      | Killed Prince Ribbit
  5498 | D:8      | Reached skill level 5 in Maces & Flails
  5565 | D:8      | Reached **** piety under Trog
  5627 | D:8      | Found an ancient bone altar of Kikubaaqudgha.
  5806 | D:8      | Noticed Erolcha
  5816 | D:8      | Killed Erolcha
  5901 | D:8      | Found a shattered altar of Ashenzari.
  5932 | D:8      | Reached XP level 10. HP: 98/98 MP: 9/9
  6125 | D:8      | Found Kett's Gadget Shoppe.
  6191 | D:8      | Found a staircase to the Lair.
  6199 | Lair:1   | Entered Level 1 of the Lair of Beasts
  6262 | Lair:1   | Noticed a four-headed hydra
  6273 | Lair:1   | Killed a four-headed hydra
  6626 | Lair:1   | Noticed a spiny frog
  6634 | Lair:1   | Killed a spiny frog
  7287 | Lair:2   | Noticed a spiny frog
  7294 | Lair:2   | Killed a spiny frog
  7647 | Lair:2   | Reached XP level 11. HP: 109/109 MP: 10/10
  7657 | Lair:2   | Noticed an eight-headed hydra
  8223 | Lair:2   | Killed an eight-headed hydra
  9627 | Lair:4   | Received a gift from Trog
 10103 | Lair:4   | Noticed a five-headed hydra
 10120 | Lair:4   | Slain by a spiny frog

Skill      XL: |  1  2  3  4  5  6  7  8  9 10 11 |
---------------+----------------------------------+-----
Maces & Flails | 3 4 5 6 7 |  7.6
Dodging        | 3 4 5 6 7 8 9 |  9.5
Unarmed Combat | 1 2 3 4 6 7 8 9 |  9.1
Fighting       | 3 4 5 6 7 |  7.9
Throwing       | 1 3 |  3.8
Evocations     | |  0.1

Action                   |  1- 3 |  4- 6 |  7- 9 | 10-12 || total
-------------------------+-------+-------+-------+-------++-------
Melee: Unarmed           |   135 |   110 |   327 |   227 ||   799
       Punch             |       |       |     7 |    10 ||    17
       Giant club        |       |       |       |    12 ||    12
       Flail             |       |       |       |    41 ||    41
Throw: Javelin           |       |       |     8 |       ||     8
       Tomahawk          |       |       |     5 |       ||     5
       Large rock        |       |       |       |     8 ||     8
Invok: Berserk           |       |     3 |     7 |     9 ||    19
       Trog's Hand       |       |       |     4 |     4 ||     8
       Burn Spellbooks   |       |       |       |     3 ||     3
       Brothers in Arms  |       |       |       |     1 ||     1
Evoke: Wand              |       |       |       |     1 ||     1
  Use: Scroll            |       |     7 |       |    10 ||    17
       Potion            |       |       |       |     1 ||     1
  Eat: Chunk             |    13 |    19 |    38 |    31 ||   101
       Fruit             |       |       |       |     4 ||     4
       Meat ration       |       |       |       |     1 ||     1
       Royal jelly       |       |       |       |     1 ||     1
       Pizza             |       |       |       |     1 ||     1
       Beef jerky        |       |       |       |     1 ||     1
Armor: Animal skin       |    49 |    40 |    70 |    62 ||   221
Dodge: Dodged            |    61 |    50 |   152 |   159 ||   422
